| TOP OF THE 1ST |
|
Eugene Emeralds batting - Pitching for Batavia Muckdogs : RHP Mike Shields
|
|
Pitching: RHP Mike Shields
|
|
|
Batting: RHB Hugo Torrez
|
0-0: Foul Ball, location: 2F 0-1: Ball 1-1: DOUBLE (Flyball, 8RXD, EV 94.4 MPH)
|
|
Batting: RHB Dustin Goldsborough
|
0-0: Fly out, F9 (Flyball, 9D, EV 100.0 MPH) Runner from 2nd tags up, SAFE at 3rd, no throw by RF
|
|
Batting: RHB Jorge Lagunas
|
0-0: Ball 1-0: Called Strike 1-1: Swinging Strike 1-2: Ball 2-2: Ball 3-2: Strikes out swinging
|
|
Batting: RHB Bartolo Aguilar
|
0-0: Called Strike 0-1: Swinging Strike 0-2: Strikes out swinging
|
| Top of the 1st over - 0 runs, 1 hit, 0 errors, 1 left on base; Eugene 0 - Batavia 0 |
| BOTTOM OF THE 1ST |
|
Batavia Muckdogs batting - Pitching for Eugene Emeralds : RHP Brendan Malzone
|
|
Pitching: RHP Brendan Malzone
|
|
|
Batting: RHB Andy Kelly
|
0-0: Ball 1-0: Foul Ball, location: 2F 1-1: Swinging Strike 1-2: Ground out 5-3 (Groundball, 5D, EV 108.1 MPH)
|
|
Batting: RHB Rick English
|
0-0: Ball 1-0: Ball 2-0: Called Strike 2-1: Ball 3-1: Base on Balls
|
|
Batting: SHB Justin Corbett
|
0-0: Ball 1-0: Ball 2-0: Ball 3-0: Called Strike 3-1: Foul Ball, location: 2F 3-2: Base on Balls Rick English to second
|
|
Batting: RHB Tony Ledezma
|
0-0: Ball 1-0: SINGLE (Line Drive, 7S, EV 101.2 MPH) Rick English to third Justin Corbett to second
|
|
Batting: RHB Jason Thrash
|
0-0: Ball 1-0: Foul Ball, location: 2F 1-1: Fielders Choice at 2nd, 4-6 (Groundball, 4, EV 110.0 MPH) Rick English scores Justin Corbett to third
|
|
Batting: RHB Hiromitsu Yamada
|
0-0: Ball 1-0: Foul Ball, location: 2F 1-1: Foul Ball, location: 2F 1-2: Foul Ball, location: 2F 1-2: Strikes out swinging
|
| Bottom of the 1st over - 1 run, 1 hit, 0 errors, 2 left on base; Eugene 0 - Batavia 1 |
| TOP OF THE 2ND |
|
Eugene Emeralds batting - Pitching for Batavia Muckdogs : RHP Mike Shields
|
|
Batting: RHB Mike Larson
|
0-0: Foul Ball, location: 2F 0-1: Ball 1-1: Called Strike 1-2: Strikes out looking
|
|
Batting: RHB T.J. Garrison
|
0-0: Ball 1-0: Foul Ball, location: 2F 1-1: SINGLE (Line Drive, 4MD, EV 96.2 MPH)
|
|
Batting: RHB Juan Lira
|
0-0: Called Strike 0-1: Foul Ball, location: 2F 0-2: Strikes out looking
|
|
Batting: RHB Rodolfo Perez
|
0-0: Called Strike 0-1: Swinging Strike 0-2: Ball Passed Ball! T.J. Garrison to second 1-2: Foul Ball, location: 2F 1-2: Strikes out swinging
|
| Top of the 2nd over - 0 runs, 1 hit, 0 errors, 1 left on base; Eugene 0 - Batavia 1 |
| BOTTOM OF THE 2ND |
|
Batavia Muckdogs batting - Pitching for Eugene Emeralds : RHP Brendan Malzone
|
|
Batting: RHB Justin Layton
|
0-0: Ground out 6-3 (Groundball, 6, EV 89.4 MPH)
|
|
Batting: RHB Jeremy Dennis
|
0-0: Called Strike 0-1: Called Strike 0-2: Strikes out swinging
|
|
Batting: RHB Calvin Morin
|
0-0: Ball 1-0: Ball 2-0: Ball 3-0: Base on Balls
|
|
Batting: RHB Andy Kelly
|
0-0: Ball 1-0: Ball 2-0: Foul Ball, location: 2F 2-1: Foul Ball, location: 2F 2-2: Foul Ball, location: 2F 2-2: Ball 3-2: Foul Ball, location: 2F 3-2: Foul Ball, location: 2F 3-2: DOUBLE (Line Drive, 8RXD, EV 102.5 MPH) Calvin Morin to third Calvin Morin scores
|
|
Pitching: LHP Jerry Tyson
|
|
|
Batting: RHB Rick English
|
0-0: Called Strike 0-1: Hit by Pitch
|
|
Batting: SHB Justin Corbett
|
0-0: Foul Ball, location: 2F 0-1: Ball 1-1: Ball 2-1: Ball 3-1: Called Strike 3-2: Base on Balls Andy Kelly to third Rick English to second
|
|
Batting: RHB Tony Ledezma
|
0-0: Ball 1-0: Ball 2-0: Called Strike 2-1: Ball 3-1: Reached on error, E6 (Groundball, 56, EV 95.6 MPH) Andy Kelly scores Rick English to third Justin Corbett to second
|
|
Batting: RHB Jason Thrash
|
0-0: Ball 1-0: Ball 2-0: Ball 3-0: Called Strike 3-1: Fielders Choice at 2nd, 5-4 (Groundball, 56, EV 91.2 MPH)
|
| Bottom of the 2nd over - 2 runs, 1 hit, 1 error, 3 left on base; Eugene 0 - Batavia 3 |
| TOP OF THE 3RD |
|
Eugene Emeralds batting - Pitching for Batavia Muckdogs : RHP Mike Shields
|
|
Batting: RHB Gustavo Rodriguez
|
0-0: Foul Ball, location: 2F 0-1: Ball 1-1: Ground out 1-3 (Groundball, P, EV 69.4 MPH)
|
|
Batting: RHB Hugo Torrez
|
0-0: Called Strike 0-1: Ball 1-1: Swinging Strike 1-2: Ball 2-2: Strikes out swinging
|
|
Batting: RHB Dustin Goldsborough
|
0-0: Ball 1-0: Ball 2-0: Ground out 1-3 (Groundball, 13S, EV 68.8 MPH)
|
| Top of the 3rd over - 0 runs, 0 hits, 0 errors, 0 left on base; Eugene 0 - Batavia 3 |
| BOTTOM OF THE 3RD |
|
Batavia Muckdogs batting - Pitching for Eugene Emeralds : LHP Jerry Tyson
|
|
Pitching: RHP Jose Mata
|
|
|
Batting: RHB Hiromitsu Yamada
|
0-0: Foul Ball, location: 2F 0-1: Ball 1-1: Ball 2-1: Foul Ball, location: 2F 2-2: Ball 3-2: SINGLE (Groundball, 6MD, EV 97.5 MPH)
|
|
Batting: RHB Justin Layton
|
0-0: Called Strike 0-1: Fielders Choice at 2nd, 4-6 (Groundball, 4, EV 85.0 MPH)
|
|
Batting: RHB Jeremy Dennis
|
0-0: Called Strike Justin Layton steals 2nd base 0-1: Called Strike 0-2: Strikes out swinging
|
|
Batting: RHB Calvin Morin
|
0-0: Called Strike 0-1: Ball 1-1: SINGLE (Groundball, 25, EV 70.6 MPH) (infield hit) Justin Layton to third
|
|
Batting: RHB Andy Kelly
|
0-0: SINGLE (Groundball, 56, EV 83.1 MPH) (infield hit) Justin Layton scores Calvin Morin to second
|
|
Batting: RHB Rick English
|
0-0: Ball 1-0: Ball 2-0: Called Strike 2-1: Ball 3-1: Base on Balls Calvin Morin to third Andy Kelly to second
|
|
Pitching: LHP Alex Gandarilla
|
|
|
Batting: SHB Justin Corbett
|
0-0: Called Strike 0-1: Ball 1-1: Ball Passed Ball! Calvin Morin scores Andy Kelly to third Rick English to second 2-1: Foul Ball, location: 2F 2-2: Ball 3-2: Base on Balls
|
|
Batting: RHB Tony Ledezma
|
0-0: Called Strike 0-1: Ball 1-1: Ball 2-1: Called Strike 2-2: Ball 3-2: Strikes out swinging
|
| Bottom of the 3rd over - 2 runs, 3 hits, 0 errors, 3 left on base; Eugene 0 - Batavia 5 |
| TOP OF THE 4TH |
|
Eugene Emeralds batting - Pitching for Batavia Muckdogs : RHP Mike Shields
|
|
Batting: RHB Jorge Lagunas
|
0-0: Reached on error, E5 (Groundball, 56S, EV 62.5 MPH)
|
|
Batting: RHB Bartolo Aguilar
|
0-0: Ball 1-0: Called Strike 1-1: Called Strike 1-2: Foul Ball, location: 2F 1-2: Foul Ball, location: 2F 1-2: Strikes out swinging
|
|
Batting: RHB Mike Larson
|
0-0: Ball 1-0: Ball 2-0: Foul Ball, location: 2F 2-1: Ball 3-1: Foul Ball, location: 2F 3-2: Ground out 5-3 (Groundball, 56S, EV 71.2 MPH) Jorge Lagunas to second
|
|
Batting: RHB T.J. Garrison
|
0-0: Ball 1-0: Foul Ball, location: 2F 1-1: Swinging Strike 1-2: Strikes out swinging
|
| Top of the 4th over - 0 runs, 0 hits, 1 error, 1 left on base; Eugene 0 - Batavia 5 |
| BOTTOM OF THE 4TH |
|
Batavia Muckdogs batting - Pitching for Eugene Emeralds : LHP Alex Gandarilla
|
|
Batting: RHB Jason Thrash
|
0-0: Ball 1-0: Ball 2-0: Ball 3-0: Called Strike 3-1: Base on Balls
|
|
Batting: RHB Hiromitsu Yamada
|
0-0: Ball 1-0: Ball 2-0: Called Strike 2-1: Fielders Choice at 2nd, 3-6 (Groundball, 13, EV 88.1 MPH)
|
|
Pitching: RHP Victor de Leon
|
|
|
Batting: RHB Justin Layton
|
0-0: Called Strike Hiromitsu Yamada steals 2nd base 0-1: Ball Wild Pitch! Hiromitsu Yamada to third 1-1: Foul Ball, location: 2F 1-2: DOUBLE (Flyball, 8RXD, EV 99.4 MPH) Hiromitsu Yamada scores
|
|
Batting: RHB Jeremy Dennis
|
0-0: Ball 1-0: Ball 2-0: Ball Wild Pitch! Justin Layton to third 3-0: Base on Balls
|
|
Batting: RHB Calvin Morin
|
0-0: Ball Jeremy Dennis steals 2nd base 1-0: Ball 2-0: Ball 3-0: Base on Balls
|
|
Batting: RHB Andy Kelly
|
0-0: Ball 1-0: Ball 2-0: Called Strike 2-1: Foul Ball, location: 2F 2-2: Ball 3-2: Base on Balls Justin Layton scores Jeremy Dennis to third Calvin Morin to second
|
|
Batting: RHB Rick English
|
0-0: Ball 1-0: Foul Ball, location: 2F 1-1: Ball 2-1: Ball Balk! Jeremy Dennis scores Calvin Morin to third Andy Kelly to second 3-1: Base on Balls
|
|
Batting: SHB Justin Corbett
|
0-0: Fly out, F9 (Flyball, 9D, EV 102.5 MPH) Runner from 3rd tags up, SCORES, throw by RF Andy Kelly to third
|
|
Batting: RHB Tony Ledezma
|
0-0: Ball 1-0: Called Strike 1-1: Ball 2-1: Called Strike 2-2: Ball 3-2: Base on Balls Rick English to second
|
|
Batting: RHB Jason Thrash
|
0-0: Ball 1-0: Swinging Strike 1-1: Called Strike 1-2: Strikes out swinging
|
| Bottom of the 4th over - 4 runs, 1 hit, 0 errors, 3 left on base; Eugene 0 - Batavia 9 |
| TOP OF THE 5TH |
|
Eugene Emeralds batting - Pitching for Batavia Muckdogs : RHP Mike Shields
|
|
Batting: RHB Juan Lira
|
0-0: Fly out, F9 (Flyball, 9LSF, EV 86.9 MPH)
|
|
Batting: RHB Rodolfo Perez
|
0-0: Ball 1-0: Swinging Strike 1-1: Ball 2-1: Swinging Strike 2-2: Ball 3-2: Strikes out looking
|
|
Batting: RHB Gustavo Rodriguez
|
0-0: Ball 1-0: Called Strike 1-1: Foul Ball, location: 2F 1-2: Ball 2-2: Strikes out swinging
|
| Top of the 5th over - 0 runs, 0 hits, 0 errors, 0 left on base; Eugene 0 - Batavia 9 |
| BOTTOM OF THE 5TH |
|
Batavia Muckdogs batting - Pitching for Eugene Emeralds : RHP Victor de Leon
|
|
Batting: RHB Hiromitsu Yamada
|
0-0: Called Strike 0-1: Ball 1-1: Foul Ball, location: 2F 1-2: Foul Ball, location: 2F 1-2: Ball 2-2: Strikes out looking
|
|
Batting: RHB Justin Layton
|
0-0: Ball 1-0: Reached on error, E6 (Groundball, 6, EV 91.9 MPH)
|
|
Batting: RHB Jeremy Dennis
|
0-0: Ball 1-0: Foul Ball, location: 2F 1-1: Ball 2-1: Swinging Strike 2-2: Ball 3-2: Base on Balls
|
|
Batting: RHB Calvin Morin
|
0-0: Ball 1-0: Ball 2-0: Ball 3-0: Called Strike 3-1: Foul Ball, location: 2F 3-2: Foul Ball, location: 2F 3-2: Base on Balls Justin Layton to third Jeremy Dennis to second
|
|
Batting: RHB Andy Kelly
|
0-0: Called Strike 0-1: Ball 1-1: Ball 2-1: Swinging Strike 2-2: Ball 3-2: Foul Ball, location: 2F 3-2: Base on Balls Justin Layton scores Jeremy Dennis to third Calvin Morin to second
|
|
Batting: RHB Rick English
|
0-0: Foul Ball, location: 2F 0-1: Swinging Strike 0-2: Strikes out swinging
|
|
Batting: SHB Justin Corbett
|
0-0: SINGLE (Flyball, 78S, EV 90.0 MPH) Jeremy Dennis scores Calvin Morin to third Andy Kelly to second Runner from 3rd tries for Home, SAFE, throw by LF to home
|
|
Batting: RHB Tony Ledezma
|
0-0: Called Strike 0-1: Ball 1-1: Foul Ball, location: 2F 1-2: Ball 2-2: Foul Ball, location: 2F 2-2: Ball 3-2: Base on Balls Andy Kelly to third Justin Corbett to second
|
|
Batting: RHB Jason Thrash
|
0-0: Foul Ball, location: 2F 0-1: Ball 1-1: Called Strike 1-2: Foul Ball, location: 2F 1-2: Strikes out swinging
|
| Bottom of the 5th over - 3 runs, 1 hit, 1 error, 3 left on base; Eugene 0 - Batavia 12 |
| TOP OF THE 6TH |
|
Eugene Emeralds batting - Pitching for Batavia Muckdogs : RHP Mike Shields
|
|
Batting: RHB Hugo Torrez
|
0-0: Foul Ball, location: 2F 0-1: Called Strike 0-2: Ball 1-2: Ball 2-2: Strikes out swinging
|
|
Batting: RHB Dustin Goldsborough
|
0-0: Ball 1-0: Fly out, F7 (Flyball, 78S, EV 87.5 MPH)
|
|
Batting: RHB Jorge Lagunas
|
0-0: Called Strike 0-1: Ball 1-1: Called Strike 1-2: Strikes out swinging
|
| Top of the 6th over - 0 runs, 0 hits, 0 errors, 0 left on base; Eugene 0 - Batavia 12 |
| BOTTOM OF THE 6TH |
|
Batavia Muckdogs batting - Pitching for Eugene Emeralds : RHP Victor de Leon
|
|
Batting: RHB Hiromitsu Yamada
|
0-0: Called Strike 0-1: Ball 1-1: Swinging Strike 1-2: Strikes out swinging
|
|
Batting: RHB Justin Layton
|
0-0: Ground out 5-3 (Groundball, 56, EV 80.0 MPH)
|
|
Batting: RHB Jeremy Dennis
|
0-0: Ball 1-0: Ball 2-0: Foul Ball, location: 2F 2-1: Ball 3-1: Base on Balls
|
|
Batting: RHB Calvin Morin
|
0-0: Ball Wild Pitch! Jeremy Dennis to second 1-0: Ball 2-0: Ball 3-0: Called Strike 3-1: Base on Balls
|
|
Batting: RHB Andy Kelly
|
0-0: SINGLE (Groundball, 34D, EV 107.5 MPH) Jeremy Dennis to third Calvin Morin to second Runner from 3rd tries for Home, SAFE, throw by RF to home
|
|
Batting: RHB Rick English
|
0-0: Ball 1-0: Ball 2-0: Swinging Strike 2-1: Foul Ball, location: 2F 2-2: Ball 3-2: Base on Balls Calvin Morin to third Andy Kelly to second
|
|
Batting: SHB Justin Corbett
|
0-0: Ball 1-0: Swinging Strike 1-1: Foul Ball, location: 2F 1-2: Strikes out swinging
|
| Bottom of the 6th over - 1 run, 1 hit, 0 errors, 3 left on base; Eugene 0 - Batavia 13 |
| TOP OF THE 7TH |
|
Eugene Emeralds batting - Pitching for Batavia Muckdogs : RHP Mike Shields
|
|
Batting: RHB Bartolo Aguilar
|
0-0: Ball 1-0: Foul Ball, location: 2F 1-1: Called Strike 1-2: Foul Ball, location: 2F 1-2: Strikes out swinging
|
|
Batting: RHB Mike Larson
|
0-0: Ball 1-0: Called Strike 1-1: Foul Ball, location: 2F 1-2: Foul Ball, location: 2F 1-2: Strikes out swinging
|
|
Batting: RHB T.J. Garrison
|
0-0: Called Strike 0-1: Ball 1-1: Ground out 1-3 (Groundball, 13, EV 70.0 MPH)
|
| Top of the 7th over - 0 runs, 0 hits, 0 errors, 0 left on base; Eugene 0 - Batavia 13 |
| BOTTOM OF THE 7TH |
|
Batavia Muckdogs batting - Pitching for Eugene Emeralds : RHP Victor de Leon
|
|
Batting: RHB Tony Ledezma
|
0-0: Ball 1-0: Called Strike 1-1: Ball 2-1: Ground out 5-3 (Groundball, 56S, EV 79.4 MPH)
|
|
Pinch Hitting: RHB Junro Kato
|
0-0: Called Strike 0-1: Called Strike 0-2: Ball 1-2: Ball 2-2: Strikes out looking
|
|
Batting: RHB Hiromitsu Yamada
|
0-0: Ball 1-0: Foul Ball, location: 2F 1-1: Swinging Strike 1-2: Ball 2-2: Foul Ball, location: 2F 2-2: Strikes out swinging
|
| Bottom of the 7th over - 0 runs, 0 hits, 0 errors, 0 left on base; Eugene 0 - Batavia 13 |
| TOP OF THE 8TH |
|
Eugene Emeralds batting - Pitching for Batavia Muckdogs : RHP Mike Shields
|
|
Now at 1B: Junro Kato
|
|
|
Batting: RHB Juan Lira
|
0-0: Called Strike 0-1: Called Strike 0-2: Ball 1-2: Strikes out swinging
|
|
Batting: RHB Rodolfo Perez
|
0-0: Called Strike 0-1: Swinging Strike 0-2: Foul Ball, location: 2F 0-2: Strikes out looking
|
|
Batting: RHB Gustavo Rodriguez
|
0-0: Ground out 5-3 (Groundball, 56, EV 108.1 MPH)
|
| Top of the 8th over - 0 runs, 0 hits, 0 errors, 0 left on base; Eugene 0 - Batavia 13 |
| BOTTOM OF THE 8TH |
|
Batavia Muckdogs batting - Pitching for Eugene Emeralds : RHP Victor de Leon
|
|
Batting: RHB Justin Layton
|
0-0: SINGLE (Groundball, 6MD, EV 105.0 MPH)
|
|
Batting: RHB Jeremy Dennis
|
0-0: Fielders Choice at 2nd, 3-6 (Groundball, 3, EV 83.1 MPH)
|
|
Batting: RHB Calvin Morin
|
0-0: Ball 1-0: Ball 2-0: Foul Ball, location: 2F 2-1: Swinging Strike 2-2: Ball 3-2: Strikes out swinging
|
|
Batting: RHB Andy Kelly
|
0-0: Ball 1-0: Swinging Strike 1-1: Ball 2-1: Ball 3-1: Foul Ball, location: 2F 3-2: Base on Balls Jeremy Dennis to second
|
|
Batting: RHB Rick English
|
0-0: Ground out 4-3 (Groundball, 4, EV 85.6 MPH)
|
| Bottom of the 8th over - 0 runs, 1 hit, 0 errors, 2 left on base; Eugene 0 - Batavia 13 |
| TOP OF THE 9TH |
|
Eugene Emeralds batting - Pitching for Batavia Muckdogs : RHP Mike Shields
|
|
Pitching: LHP Matt Boehm
|
|
|
Batting: RHB Hugo Torrez
|
0-0: Foul Ball, location: 2F 0-1: Foul Ball, location: 2F 0-2: Ball 1-2: Ball 2-2: Strikes out looking
|
|
Batting: RHB Dustin Goldsborough
|
0-0: Ball 1-0: Swinging Strike 1-1: Ball 2-1: Ground out 5-3 (Groundball, 5, EV 85.6 MPH)
|
|
Batting: RHB Jorge Lagunas
|
0-0: Ball 1-0: Called Strike 1-1: Ball 2-1: Called Strike 2-2: Ball 3-2: Ground out 5-3 (Groundball, 56, EV 80.0 MPH)
|
| Top of the 9th over - 0 runs, 0 hits, 0 errors, 0 left on base; Eugene 0 - Batavia 13 |
|